 Dungeon Crawl Stone Soup version 0.30-a0-918-g0ff054e9dc (webtiles) character file.

Game seed: 10296451262978299744

39 Barriton the Stinger (level 3, -6/26 HPs)
             Began as a Draconian Venom Mage on Mar 20, 2023.
             Mangled by a worm (8 damage)
             ... on level 2 of the Dungeon.
             The game lasted 00:02:20 (1344 turns).

Barriton the Stinger (Draconian Venom Mage)         Turns: 1344, Time: 00:02:21

Health: -6/26      AC:  5    Str: 10    XL:     3   Next: 26%
Magic:  0/6        EV: 12    Int: 17    God:
Gold:   68         SH:  0    Dex: 11    Spells: 4/7 levels left

rFire   . . .      SeeInvis .    (no weapon)
rCold   . . .      Faith    .    (no shield)
rNeg    . . .      Spirit   +    (body armour unavailable)
rPois   .          Reflect  .    (helmet restricted)
rElec   .          Rampage  .    (no cloak)
rCorr   .                        (no gloves)
Will    .....                    (no boots)
Stlth   ++                       d - amulet of guardian spirit
HPRegen 0.24/turn                (no ring)
MPRegen 0.10/turn                (no ring)

@: no status effects
A: AC +5, unfitting armour, cold-blooded
a: no special abilities


You were on level 2 of the Dungeon.
You visited 1 branch of the dungeon, and saw 2 of its levels.

You collected 68 gold pieces.

Inventory:

Jewellery
 d - an amulet of guardian spirit (around neck)
 g - an amulet of the acrobat
Scrolls
 b - a scroll of noise {unknown}
 h - a scroll of enchant weapon {unknown}
Potions
 a - a potion of magic
 c - 4 potions of curing
 e - a potion of berserk rage
 f - a potion of invisibility {unknown}


   Skills:
 + Level 1.9 Dodging
 + Level 2.0 Stealth
 + Level 2.6 Spellcasting
 + Level 1.3 Transmutations
 + Level 3.5 Poison Magic


You had 4 spell levels left.
You knew the following spells:

 Your Spells              Type           Power      Damage    Failure   Level
a - Sting                 Tmut/Pois      40%        1d5       7%          1
b - Poisonous Vapours     Pois/Air       16%        N/A       13%         2

Your spell library contained the following spells:

 Spells                   Type           Power      Damage    Failure   Level
 Mephitic Cloud           Conj/Pois/Air  6%         N/A       32%         3
 Olgreb's Toxic Radiance  Pois           14%        N/A       38%         4


Dungeon Overview and Level Annotations

Branches:
Dungeon (2/15)

Altars:

Shops:
D:1 !


Innate Abilities, Weirdness & Mutations

Your plain brown scales are hard. (AC +5)
You cannot fit into any form of body armour.
You are cold-blooded and may be slowed by cold attacks.


Message History

You hit the adder.
The adder is lightly wounded.
The adder misses you.
The sting hits the adder.
The adder is poisoned.
The adder is heavily wounded.
The adder bites you.
You are poisoned.
The adder poisons you!
The sting misses the adder.
You feel sick. The adder bites you.
The sting hits the adder.
The adder looks even sicker.
The adder is almost dead.
You feel sick. The adder barely misses you. The adder closely misses you.
The sting misses the adder.
You feel sick. The adder bites you but does no damage.
A worm comes into view.
The sting hits the adder.
The adder looks even sicker.
You kill the adder!
You feel sick.
You can't see any susceptible monsters within range! (Use Z to cast anyway.)
You feel sick.
Found 6 gold pieces.
You feel sick. The worm bites you!
You are too injured to fight recklessly!
You are too injured to fight recklessly!
You are too injured to fight recklessly!
You are too injured to fight recklessly!
You hit the worm.
The worm is lightly wounded.
You feel sick.
You are no longer poisoned.
You barely miss the worm.
You tail-slap the worm, but do no damage.
The worm is lightly wounded.
The worm bites you!
* * * LOW HITPOINT WARNING * * *
You hit the worm.
Your tail-slap misses the worm.
The worm is moderately wounded.
You hit the worm.
The worm is moderately wounded.
The worm bites you!
You die...

.. $ .##. .... ..#######
......... #+#........
#.#w....... #.#@....... .
#.#........ #.. #..########
#..##..# #########
#.....###.......)
########>...........
#########...................
........#....<..............
........#............#######


You could see a worm.

Vanquished Creatures
  An adder (D:2)
  A gnoll (D:1)
  A dart slug (D:1)
  A bat (D:1)
  An endoplasm (D:1)
  2 goblins (D:1)
  3 hobgoblins (D:1)
  A quokka (D:1)
  A ball python (D:1)
  2 frilled lizards
  2 kobolds (D:1)
  3 rats
19 creatures vanquished.

Notes
Turn   | Place    | Note
-------+----------+-------------------------------------------
     0 | D:1      | Barriton the Draconian Venom Mage began the quest for the
                  | Orb.
     0 | D:1      | Reached XP level 1. HP: 14/14 MP: 3/3
   206 | D:1      | Reached XP level 2. HP: 20/20 MP: 3/5
   839 | D:1      | Found Xausyonn's Distillery.
   850 | D:1      | Learned a level 2 spell: Poisonous Vapours
  1203 | D:2      | Reached XP level 3. HP: 26/26 MP: 3/6
  1342 | D:2      | HP: 1/26 [worm (9)]
  1344 | D:2      | Mangled by a worm

Illustrated notes

Levels and vault maps discovered:
D:1:      minmay_arrival_stair_chambers, layout_basic, serial_shops,
          nicolae_shop_stone
D:2:      minmay_general_purpose_star, layout_basic

Skill      XL: |  1  2 |
---------------+-------+-----
Stealth        | 2 |  2.0
Dodging        | |  1.9
Spellcasting   | |  2.6
Transmutations | |  1.3
Poison Magic   | |  3.5

Action                     || total
---------------------------++-------
  Melee: Unarmed           ||    25
         Tailslap          ||     2
   Cast: Sting             ||    46
    Use: Scroll            ||     4
 Armour: Skin              ||    11
  Dodge: Dodged            ||    25

Table legend: (Time is in decaauts)
 A = Elapsed time spent in this place.
 B = Non-inter-level travel time spent in this place.
 C = Inter-level travel time spent in this place.
 D = Time resting spent in this place.
 E = Time spent auto-exploring this place.
 F = Levels seen in this place.
 G = Mean time per level.
                   A        B        C        D        E       F      G
               +--------+--------+--------+--------+--------+-----+--------+
         Total |   1343 |   1326 |     17 |      0 |   1145 |   2 |  671.5 |
       Dungeon |   1343 |   1326 |     17 |      0 |   1145 |   2 |  671.5 |
               +--------+--------+--------+--------+--------+-----+--------+

Top non-repeatable levels by time:
     D:1: 1200 daAuts
     D:2: 143 daAuts
